[Event "Excelsior March op"]
[Site "Toronto CAN"]
[Date "2024.03.15"]
[Round "1.3"]
[White "Singh Dhaliwal, Jaipreet"]
[Black "Preotu, Razvan"]
[Result "0-1"]
[ECO "B90"]
[WhiteElo "1745"]
[BlackElo "2545"]
[WhiteFideId "-1"]
[WhiteFideId "-1"]
[PlyCount "139"]
[GameId "2160767740051110"]
[EventDate "2024.03.15"]
[EventType "swiss"]
[EventRounds "5"]
[EventCountry "CAN"]
[TimeControl "90+30"]
[WhiteClock "0:00:55"]
[BlackClock "0:03:15"]

1. e4 c5 2. Nf3 d6 3. d4 cxd4 4. Nxd4 Nf6 5. Nc3 a6 6. Be3 e5 7. Nb3 Be6 8. f3 h5 9. Qd2 Nbd7 10. O-O-O Be7 11. Kb1 Rc8 12. Nd5 Nxd5 13. exd5 Bf5 14. Bd3 Bxd3 15. Qxd3 Bg5 16. Nd2 Bxe3 17. Qxe3 Nb6 18. Qd3 O-O 19. g4 hxg4 20. fxg4 Nd7 21. h4 Qc7 22. h5 Nc5 23. Qf5 Qd7 24. Qxd7 Nxd7 25. Ne4 Rc4 26. Nxd6 Rxg4 27. Nxb7 f5 28. b3 f4 29. c4 f3 30. c5 Nf6 31. c6 Ne4 32. Rc1 Ng3 33. Rhd1 Ne2 34. d6 Nxc1 35. d7 Rd4 36. Rxd4 exd4 37. c7 f2 38. c8=Q f1=Q 39. Qc4+ Qxc4 40. bxc4 Nd3 41. d8=Q Rxd8 42. Nxd8 Nf4 43. Kc2 Kf8 44. Kd2 Ke7 45. Nc6+ Kd6 46. Nxd4 Nxh5 47. Kd3 g6 48. Nb3 Nf4+ 49. Ke4 Ne6 50. Ke3 Ke5 51. Nd2 g5 52. Ne4 g4 53. Ng3 Nd4 54. Nh5 Nf5+ 55. Kf2 Kd4 56. Nf4 Kxc4 57. Ke2 a5 58. Ng2 Kc3 59. Kd1 Kb2 60. Kd2 Kxa2 61. Kc3 g3 62. Kc2 a4 63. Nf4 Ne3+ 64. Kd3 g2 65. Ne2 Kb2 66. Kxe3 a3 67. Kf2 a2 68. Nf4 a1=Q 69. Nd3+ Kc3 70. Ke3 0-1

[Event "Excelsior March op"]
[Site "Toronto CAN"]
[Date "2024.03.16"]
[Round "2.3"]
[White "Preotu, Razvan"]
[Black "Zhao, Jifan"]
[Result "1-0"]
[ECO "C11"]
[WhiteElo "2545"]
[BlackElo "1842"]
[WhiteFideId "-1"]
[WhiteFideId "-1"]
[PlyCount "49"]
[GameId "2160767740051118"]
[EventDate "2024.03.15"]
[EventType "swiss"]
[EventRounds "5"]
[EventCountry "CAN"]
[TimeControl "90+30"]
[WhiteClock "0:35:07"]
[BlackClock "0:36:10"]

1. e4 e6 2. d4 d5 3. Nc3 Nf6 4. e5 Nfd7 5. f4 c5 6. Nf3 Nc6 7. Be3 Be7 8. a3 b6 9. Bb5 Bb7 10. h4 Na5 11. f5 a6 12. Ng5 axb5 13. fxe6 Bxg5 14. Bxg5 f6 15. exd7+ Qxd7 16. exf6 O-O 17. O-O h6 18. Bd2 Nc4 19. b3 Nd6 20. Qh5 Ne4 21. Nxe4 dxe4 22. fxg7 Rxf1+ 23. Rxf1 Qe6 24. Bxh6 cxd4 25. Rf8+ 1-0

[Event "Excelsior March op"]
[Site "Toronto CAN"]
[Date "2024.03.16"]
[Round "3.1"]
[White "Preotu, Razvan"]
[Black "Rodrigue-Lemieux, Shawn"]
[Result "0-1"]
[ECO "A14"]
[WhiteElo "2545"]
[BlackElo "2477"]
[WhiteFideId "-1"]
[WhiteFideId "-1"]
[PlyCount "132"]
[GameId "2160767740051124"]
[EventDate "2024.03.15"]
[EventType "swiss"]
[EventRounds "5"]
[EventCountry "CAN"]
[TimeControl "90+30"]
[WhiteClock "0:01:22"]
[BlackClock "0:02:24"]

1. Nf3 d5 2. g3 Nf6 3. Bg2 e6 4. O-O Be7 5. c4 O-O 6. b3 b6 7. cxd5 exd5 8. Bb2 Bb7 9. e3 Nbd7 10. Nc3 Re8 11. Rc1 Nc5 12. d3 a5 13. Qc2 Bf8 14. Rfd1 Ne6 15. Ne2 Rc8 16. d4 c6 17. h4 Ne4 18. Ne5 Nd6 19. Nc3 f6 20. Nf3 Qd7 21. Na4 Qc7 22. Nd2 f5 23. Ba3 Ne4 24. Bxf8 Nxf8 25. Nxe4 fxe4 26. b4 axb4 27. Qb3 Ba6 28. Bh3 Rcd8 29. Qxb4 Rb8 30. Rc3 Bc4 31. Rdc1 Kh8 32. Bf1 b5 33. Nc5 Qc8 34. Kh2 Qf5 35. Qb2 g5 36. Bh3 Qg6 37. hxg5 Qxg5 38. Ra3 Ra8 39. Rxa8 Rxa8 40. a4 Qf6 41. Kg1 bxa4 42. Qb7 Qd8 43. Qxc6 a3 44. Nb7 Qe7 45. Nc5 Rb8 46. Qa4 a2 47. Qd1 Qf6 48. Bf1 Rb2 49. Qe1 Qf3 50. Na4 Bxf1 51. Qxf1 Rd2 52. Nc3 Ne6 53. Nxd5 Rb2 54. Ra1 h5 55. Nc3 Ng5 56. Rxa2 Nh3+ 57. Kh2 Rxa2 58. Nxa2 Nxf2 59. Qb1 Ng4+ 60. Kh3 Nf2+ 61. Kh2 Ng4+ 62. Kh3 Nf6 63. Kh2 h4 64. Qg1 Ng4+ 65. Kh3 Nf2+ 66. Kh2 hxg3+ 0-1

[Event "Excelsior March op"]
[Site "Toronto CAN"]
[Date "2024.03.17"]
[Round "5.2"]
[White "Sambuev, Bator"]
[Black "Preotu, Razvan"]
[Result "0-1"]
[ECO "D12"]
[WhiteElo "2465"]
[BlackElo "2545"]
[WhiteFideId "-1"]
[WhiteFideId "-1"]
[PlyCount "76"]
[GameId "2160767740231365"]
[EventDate "2024.03.15"]
[EventType "swiss"]
[EventRounds "5"]
[EventCountry "CAN"]
[TimeControl "90+30"]
[WhiteClock "0:00:37"]
[BlackClock "0:10:00"]

1. d4 d5 2. c4 c6 3. Nf3 Nf6 4. e3 Bf5 5. Nc3 e6 6. Nh4 Be4 7. f3 Bg6 8. Qb3 Qc7 9. g3 Be7 10. cxd5 cxd5 11. Nxg6 hxg6 12. e4 Nc6 13. Bf4 Qd7 14. O-O-O a6 15. Kb1 b5 16. exd5 exd5 17. h4 Na5 18. Qc2 Nc4 19. Bxc4 dxc4 20. d5 Bd6 21. Rhe1+ Kf8 22. Be5 Bxe5 23. Rxe5 Rh5 24. Rxh5 gxh5 25. d6 Qe6 26. Ne2 Rd8 27. Nf4 Qe5 28. Qd2 Rd7 29. a3 Ne8 30. Qb4 Qe3 31. Re1 Qxf3 32. Qc5 Nxd6 33. Re3 Qg4 34. Qc6 Rd8 35. Qb6 Qd1+ 36. Ka2 Ne4 37. Nh3 c3 38. Qc6 cxb2 0-1

[Event "Excelsior February Rapid"]
[Site "Toronto CAN"]
[Date "2024.02.17"]
[Round "2"]
[White "Preotu, Razvan"]
[Black "Abdelwahed, Loay"]
[Result "1-0"]
[ECO "B11"]
[WhiteElo "2541"]
[BlackElo "1375"]
[WhiteFideId "-1"]
[WhiteFideId "-1"]
[PlyCount "47"]
[GameId "2160767740297080"]
[EventDate "2024.02.17"]
[EventType "swiss (rapid)"]
[EventRounds "6"]
[EventCountry "CAN"]
[TimeControl "10+10"]

1. e4 c6 2. Nc3 d5 3. Nf3 Bg4 4. h3 Bxf3 5. Qxf3 e6 6. Be2 Nf6 7. O-O Be7 8. d3 a5 9. Qg3 O-O 10. e5 Ne8 11. d4 c5 12. dxc5 Bxc5 13. Bf4 Nc6 14. Rad1 Qc8 15. Nb5 Nb4 16. a3 Nc6 17. c4 dxc4 18. Bxc4 a4 19. Bd3 Ne7 20. Be4 Ra5 21. Nd6 Nxd6 22. exd6 Ng6 23. d7 Qa8 24. Bc7 1-0

[Event "Excelsior February Rapid"]
[Site "Toronto CAN"]
[Date "2024.02.17"]
[Round "3"]
[White "Pham, Thai"]
[Black "Preotu, Razvan"]
[Result "0-1"]
[ECO "D13"]
[WhiteElo "1549"]
[BlackElo "2541"]
[WhiteFideId "-1"]
[WhiteFideId "-1"]
[PlyCount "94"]
[GameId "2160767740297088"]
[EventDate "2024.02.17"]
[EventType "swiss (rapid)"]
[EventRounds "6"]
[EventCountry "CAN"]
[TimeControl "10+10"]

1. d4 Nf6 2. Nf3 d5 3. g3 c5 4. c3 cxd4 5. cxd4 Nc6 6. Bg2 Bf5 7. O-O e6 8. Nc3 h6 9. Qb3 a6 10. Bf4 Na5 11. Qd1 Be7 12. Nd2 O-O 13. e4 dxe4 14. Ndxe4 Nxe4 15. Nxe4 Qb6 16. b3 Rfd8 17. Be3 Bxe4 18. Bxe4 Bf6 19. Rc1 Bxd4 20. Bxd4 Rxd4 21. Qc2 Rad8 22. Bg2 Rd2 23. Qc7 Qxc7 24. Rc4 Qc6 25. Rxc6 Rb2 26. Rc7 Rxa2 27. b4 Nc6 28. Bxc6 bxc6 29. Rxc6 Rdd2 30. Rb6 Rdb2 31. h4 g5 32. hxg5 hxg5 33. g4 Ra4 34. Kg2 Rbxb4 35. Rxb4 Rxb4 36. Kg3 a5 37. Rc1 Rb8 38. Rc5 Ra8 39. Rxg5+ Kf8 40. Rh5 Ke7 41. Kf4 a4 42. Rh1 a3 43. Ke3 a2 44. Ra1 Kd6 45. Kd3 Ke5 46. f3 Kf4 47. Ke2 Ra3 0-1

[Event "Excelsior February Rapid"]
[Site "Toronto CAN"]
[Date "2024.02.17"]
[Round "4"]
[White "Preotu, Razvan"]
[Black "Grosman, Ari"]
[Result "1-0"]
[ECO "C11"]
[WhiteElo "2541"]
[BlackElo "1113"]
[WhiteFideId "-1"]
[WhiteFideId "-1"]
[PlyCount "47"]
[GameId "2160767740297097"]
[EventDate "2024.02.17"]
[EventType "swiss (rapid)"]
[EventRounds "6"]
[EventCountry "CAN"]
[TimeControl "10+10"]

1. e4 e6 2. d4 d5 3. Nc3 Nf6 4. e5 Nfd7 5. f4 c5 6. Nf3 Nc6 7. Be3 cxd4 8. Nxd4 Bc5 9. Qd2 O-O 10. O-O-O a6 11. Nb3 Bxe3 12. Qxe3 Qb6 13. Qh3 Rd8 14. Bd3 Nf8 15. Rhf1 a5 16. a3 a4 17. Nd2 Na7 18. Rf3 Qc6 19. Qh4 b5 20. Qxd8 b4 21. Bxh7+ Kxh7 22. Qxf8 bxc3 23. Rh3+ Kg6 24. Rg3+ 1-0

[Event "Excelsior February Rapid"]
[Site "Toronto CAN"]
[Date "2024.02.17"]
[Round "5"]
[White "Izrailov, David"]
[Black "Preotu, Razvan"]
[Result "0-1"]
[ECO "B23"]
[WhiteElo "1160"]
[BlackElo "2541"]
[WhiteFideId "-1"]
[WhiteFideId "-1"]
[PlyCount "90"]
[GameId "2160767740297101"]
[EventDate "2024.02.17"]
[EventType "swiss (rapid)"]
[EventRounds "6"]
[EventCountry "CAN"]
[TimeControl "10+10"]

1. e4 c5 2. Nc3 d6 3. f4 g6 4. Nf3 Bg7 5. Bc4 Nc6 6. d3 e6 7. O-O Nge7 8. Qe1 O-O 9. Qh4 d5 10. Bb3 Na5 11. f5 gxf5 12. Ng5 h6 13. Nh3 Ng6 14. Qh5 fxe4 15. Bg5 Qc7 16. Bxh6 Qe5 17. Qxe5 Nxe5 18. Bxg7 Kxg7 19. dxe4 d4 20. Ne2 Bd7 21. a3 Nxb3 22. cxb3 Bb5 23. Nhf4 Rh8 24. Rad1 Rad8 25. a4 Ba6 26. Rd2 Rd6 27. Rc1 b6 28. a5 Rh4 29. axb6 axb6 30. Ra1 Bxe2 31. Nxe2 Rxe4 32. Ng3 Re3 33. Kf2 Rxb3 34. Nh5+ Kg6 35. Nf4+ Kf5 36. g3 Ng4+ 37. Kg2 e5 38. Nd3 Ne3+ 39. Kg1 c4 40. Nc1 Rb5 41. Rf2+ Kg6 42. Ra7 Rf6 43. Rxf6+ Kxf6 44. Kf2 Rxb2+ 45. Kf3 Rxh2 0-1

[Event "Excelsior February Rapid"]
[Site "Toronto CAN"]
[Date "2024.02.17"]
[Round "6"]
[White "Preotu, Razvan"]
[Black "Brajkovic, Nikola"]
[Result "1-0"]
[ECO "C53"]
[WhiteElo "2541"]
[BlackElo "1941"]
[WhiteFideId "-1"]
[WhiteFideId "-1"]
[PlyCount "31"]
[GameId "2160767740297112"]
[EventDate "2024.02.17"]
[EventType "swiss (rapid)"]
[EventRounds "6"]
[EventCountry "CAN"]
[TimeControl "10+10"]

1. e4 e5 2. Nf3 Nc6 3. Bc4 Bc5 4. c3 d6 5. d4 exd4 6. cxd4 Bb4+ 7. Nc3 Qe7 8. O-O Bxc3 9. bxc3 Bg4 10. h3 Bh5 11. Qb3 Nd8 12. Qb5+ Kf8 13. Qxh5 Qxe4 14. Re1 Qc2 15. Bg5 Qa4 16. Bb5 1-0

[Event "American op"]
[Site "Orange USA"]
[Date "2022.11.24"]
[Round "2.1"]
[White "Preotu, Razvan"]
[Black "Qin, Vincent"]
[Result "1-0"]
[ECO "B22"]
[WhiteElo "2493"]
[BlackElo "2034"]
[WhiteFideId "-1"]
[WhiteFideId "-1"]
[PlyCount "63"]
[GameId "2129404714814892"]
[EventDate "2022.11.22"]
[EventType "swiss"]
[EventRounds "9"]
[EventCountry "USA"]
[SourceTitle "10 Days #706"]
[Source "ChessMix"]
[SourceDate "2022.12.01"]
[SourceVersion "1"]
[SourceVersionDate "2022.12.01"]
[SourceQuality "1"]
[TimeControl "5400+30"]

1. e4 c5 2. Nf3 e6 3. c3 Nf6 4. e5 Nd5 5. d4 cxd4 6. cxd4 b6 7. Bd2 Bb7 8. Nc3 Nxc3 9. Bxc3 Be7 10. Bd3 Na6 11. h4 h6 12. Qe2 Nc7 13. Bd2 a5 14. Rh3 Ba6 15. Bxa6 Nxa6 16. Rg3 Nb4 17. Kf1 g5 18. hxg5 hxg5 19. Kg1 Rc8 20. Nxg5 Nc2 21. Qe4 Bxg5 22. Bxg5 Nxa1 23. Qf4 f6 24. Bxf6 Qc7 25. Rc3 Qb8 26. Qg5 Rf8 27. Qg6+ Rf7 28. Rh3 d5 29. Qg8+ Kd7 30. Qxf7+ Kc6 31. Rc3+ Kb5 32. Qd7+ 1-0

[Event "American op"]
[Site "Orange USA"]
[Date "2022.11.24"]
[Round "3.1"]
[White "Chen, Jonathan"]
[Black "Preotu, Razvan"]
[Result "1/2-1/2"]
[ECO "D76"]
[WhiteElo "2193"]
[BlackElo "2493"]
[WhiteFideId "-1"]
[WhiteFideId "-1"]
[PlyCount "88"]
[GameId "2129404714814896"]
[EventDate "2022.11.22"]
[EventType "swiss"]
[EventRounds "9"]
[EventCountry "USA"]
[SourceTitle "10 Days #706"]
[Source "ChessMix"]
[SourceDate "2022.12.01"]
[SourceVersion "1"]
[SourceVersionDate "2022.12.01"]
[SourceQuality "1"]
[TimeControl "5400+30"]

1. d4 Nf6 2. c4 g6 3. Nf3 Bg7 4. g3 d5 5. cxd5 Nxd5 6. Bg2 Nb6 7. Nc3 Nc6 8. e3 O-O 9. O-O Re8 10. d5 Na5 11. Nd4 Bd7 12. Qc2 Qc8 13. Bd2 Bh3 14. Bxh3 Qxh3 15. b3 Bxd4 16. exd4 Rad8 17. Ne2 Rxd5 18. Nf4 Qf5 19. Rfc1 Nc6 20. Nxd5 Nxd5 21. Qxf5 gxf5 22. Be3 f6 23. Rc5 e6 24. a3 Kf7 25. Rac1 a6 26. Kf1 Ke7 27. b4 Kd7 28. Ke2 h5 29. Kf3 Rg8 30. Rd1 b6 31. Rc2 h4 32. Rdc1 Nce7 33. Bf4 c6 34. h3 hxg3 35. fxg3 Rh8 36. Rh2 Ng6 37. Bd2 e5 38. dxe5 fxe5 39. h4 e4+ 40. Ke2 Rh5 41. Rf2 Ne5 42. Rcf1 Nf3 43. Rxf3 exf3+ 44. Kxf3 c5 1/2-1/2

[Event "American op"]
[Site "Orange USA"]
[Date "2022.11.25"]
[Round "4.4"]
[White "Preotu, Razvan"]
[Black "Wang, Alex Yuxuan"]
[Result "1-0"]
[ECO "B84"]
[WhiteElo "2493"]
[BlackElo "2049"]
[WhiteFideId "-1"]
[WhiteFideId "-1"]
[PlyCount "35"]
[GameId "2129404714823095"]
[EventDate "2022.11.22"]
[EventType "swiss"]
[EventRounds "9"]
[EventCountry "USA"]
[SourceTitle "10 Days #706"]
[Source "ChessMix"]
[SourceDate "2022.12.01"]
[SourceVersion "1"]
[SourceVersionDate "2022.12.01"]
[SourceQuality "1"]
[TimeControl "5400+30"]

1. e4 c5 2. Nf3 d6 3. d4 cxd4 4. Nxd4 Nf6 5. Nc3 a6 6. Be3 e6 7. Be2 Nbd7 8. g4 Nc5 9. f3 Qc7 10. g5 Nfd7 11. b4 Nb3 12. Ncb5 axb5 13. Nxb5 Qb8 14. axb3 Rxa1 15. Qxa1 b6 16. O-O Bb7 17. Rd1 e5 18. Qc3 1-0

[Event "American op"]
[Site "Orange USA"]
[Date "2022.11.26"]
[Round "6.2"]
[White "Preotu, Razvan"]
[Black "Grabinsky, Aaron"]
[Result "1-0"]
[ECO "B11"]
[WhiteElo "2493"]
[BlackElo "2425"]
[WhiteFideId "-1"]
[WhiteFideId "-1"]
[PlyCount "197"]
[GameId "2129404714823101"]
[EventDate "2022.11.22"]
[EventType "swiss"]
[EventRounds "9"]
[EventCountry "USA"]
[SourceTitle "10 Days #706"]
[Source "ChessMix"]
[SourceDate "2022.12.01"]
[SourceVersion "1"]
[SourceVersionDate "2022.12.01"]
[SourceQuality "1"]
[TimeControl "5400+30"]

1. e4 c6 2. Nc3 d5 3. Nf3 Bg4 4. h3 Bxf3 5. Qxf3 e6 6. g3 Bc5 7. Bg2 Nd7 8. d3 Ngf6 9. O-O Qc7 10. Bf4 Bd6 11. exd5 exd5 12. Rae1+ Kf8 13. Bd2 h6 14. Nd1 g6 15. c4 dxc4 16. dxc4 Kg7 17. b4 a5 18. c5 Be5 19. a3 axb4 20. axb4 Ra2 21. Re2 Rha8 22. Ne3 R8a3 23. Bc1 Rxe2 24. Bxa3 Ra2 25. Nc4 Nd5 26. Qb3 Ra1 27. Nxe5 Rxf1+ 28. Kxf1 Nxe5 29. Bxd5 cxd5 30. Qxd5 Nc6 31. b5 Nd8 32. Bb2+ Kf8 33. Be5 Qc8 34. Qd6+ Ke8 35. Kg2 Ne6 36. c6 bxc6 37. Bf6 Qd7 38. Qxc6 Qxc6+ 39. bxc6 Nc7 40. Kf3 Nd5 41. Be5 Nb4 42. c7 Kd7 43. g4 Nd5 44. Ke4 Ne7 45. Bg3 f6 46. Bh4 Ng8 47. Kd5 Ne7+ 48. Kd4 Nc6+ 49. Ke4 Kxc7 50. Bxf6 Kd6 51. Bg7 h5 52. gxh5 gxh5 53. Kf5 Ne7+ 54. Kg5 Ke6 55. Kxh5 Kf5 56. Bh6 Nd5 57. Kh4 Nf6 58. Kg3 Kg6 59. Be3 Kf5 60. f3 Nd7 61. h4 Nf6 62. Bg5 Nh5+ 63. Kf2 Ke5 64. Ke3 Kf5 65. Kd4 Ng3 66. Ke3 Nh5 67. Be7 Nf4 68. Kf2 Nh5 69. Bd6 Ng7 70. Ke3 Ne6 71. Bg3 Nc5 72. Bf4 Ne6 73. Bg5 Ng7 74. Kd4 Nh5 75. Ke3 Ng7 76. Be7 Ke6 77. Bd8 Ke5 78. f4+ Kf5 79. Kf3 Ne6 80. Bg5 Ng7 81. Be7 Ke6 82. Ba3 Kf5 83. Bd6 Ne6 84. Be5 Nd8 85. h5 Nf7 86. Bg7 Nd6 87. h6 Kg6 88. Ke3 Nc4+ 89. Ke4 Nd2+ 90. Ke5 Nc4+ 91. Ke6 Ne3 92. Bf8 Nc2 93. f5+ Kh7 94. Bg7 Nb4 95. Kd6 Nd3 96. f6 Kg6 97. h7 Kxh7 98. f7 Kxg7 99. Ke7 1-0

[Event "American op"]
[Site "Orange USA"]
[Date "2022.11.26"]
[Round "7.4"]
[White "Vidyarthi, Vyom"]
[Black "Preotu, Razvan"]
[Result "1/2-1/2"]
[ECO "D85"]
[WhiteElo "2402"]
[BlackElo "2493"]
[WhiteFideId "-1"]
[WhiteFideId "-1"]
[PlyCount "73"]
[GameId "2129404714823107"]
[EventDate "2022.11.22"]
[EventType "swiss"]
[EventRounds "9"]
[EventCountry "USA"]
[SourceTitle "10 Days #706"]
[Source "ChessMix"]
[SourceDate "2022.12.01"]
[SourceVersion "1"]
[SourceVersionDate "2022.12.01"]
[SourceQuality "1"]
[TimeControl "5400+30"]

1. d4 Nf6 2. Nf3 g6 3. c4 Bg7 4. Nc3 d5 5. cxd5 Nxd5 6. e4 Nxc3 7. bxc3 c5 8. Bb5+ Nc6 9. O-O O-O 10. Be3 Bg4 11. Bxc6 bxc6 12. Rc1 Rb8 13. Qa4 Bxf3 14. gxf3 Qd7 15. Rb1 Rbc8 16. Kg2 f5 17. dxc5 Kh8 18. Rfd1 Qc7 19. f4 fxe4 20. Qxe4 Rcd8 21. Rxd8 Rxd8 22. Bd4 Qd7 23. Re1 Qg4+ 24. Kh1 Bxd4 25. cxd4 Rd5 26. f5 Qxe4+ 27. Rxe4 gxf5 28. Rxe7 Rxd4 29. Rxa7 Rc4 30. a4 Rxc5 31. Kg2 Rc3 32. f3 f4 33. Rf7 Rc4 34. a5 Ra4 35. Rf5 Ra3 36. h4 Kg7 37. Rc5 1/2-1/2

[Event "American op"]
[Site "Orange USA"]
[Date "2022.11.27"]
[Round "8.3"]
[White "Shlyakhtenko, Robert"]
[Black "Preotu, Razvan"]
[Result "1/2-1/2"]
[ECO "D91"]
[WhiteElo "2432"]
[BlackElo "2493"]
[WhiteFideId "-1"]
[WhiteFideId "-1"]
[PlyCount "75"]
[GameId "2129404714823110"]
[EventDate "2022.11.22"]
[EventType "swiss"]
[EventRounds "9"]
[EventCountry "USA"]
[SourceTitle "10 Days #706"]
[Source "ChessMix"]
[SourceDate "2022.12.01"]
[SourceVersion "1"]
[SourceVersionDate "2022.12.01"]
[SourceQuality "1"]
[TimeControl "5400+30"]

1. d4 Nf6 2. c4 g6 3. Nc3 d5 4. Bg5 Ne4 5. Bh4 Nxc3 6. bxc3 dxc4 7. e3 Be6 8. Nf3 Bg7 9. Be2 Nd7 10. O-O O-O 11. a4 c5 12. Qc2 cxd4 13. Nxd4 Ne5 14. Nxe6 fxe6 15. Rab1 b6 16. Rfd1 Qc7 17. Qe4 Qc6 18. Qxc6 Nxc6 19. Bxc4 Kf7 20. Bb5 Na5 21. Rd7 Bf6 22. Bxf6 Kxf6 23. Rb4 e5 24. f4 Rfd8 25. Rc7 Ke6 26. fxe5 Rd5 27. Be2 Rxe5 28. Bg4+ Kf6 29. Bf3 Rd8 30. Rxa7 Rd6 31. Rf4+ Kg7 32. Rd4 Rde6 33. Bd5 Rd6 34. e4 Nc6 35. Rb7 Nxd4 36. cxd4 Rexd5 37. exd5 Kf7 38. Kf2 1/2-1/2

[Event "Pan-Am Intercoll."]
[Site "Burlingame USA"]
[Date "2018.12.29"]
[Round "4"]
[White "Preotu, Razvan"]
[Black "Durarbayli, Vasif"]
[Result "0-1"]
[ECO "C65"]
[WhiteElo "2524"]
[BlackElo "2620"]
[WhiteFideId "-1"]
[WhiteFideId "-1"]
[PlyCount "90"]
[GameId "2129404762116968"]
[EventDate "2018.12.28"]
[EventType "team"]
[EventRounds "6"]
[EventCountry "USA"]
[SourceTitle "10 Days #565"]
[Source "ChessMix"]
[SourceDate "2019.01.01"]
[SourceVersion "1"]
[SourceVersionDate "2019.01.01"]
[SourceQuality "1"]
[TimeControl "5400+30"]

1. e4 e5 2. Nf3 Nc6 3. Bb5 Nf6 4. d3 d6 5. c4 Be7 6. Nc3 O-O 7. h3 Nd4 8. Nxd4 exd4 9. Ne2 c6 10. Ba4 d5 11. cxd5 Qa5+ 12. Bd2 Bb4 13. Bb3 cxd5 14. f3 dxe4 15. dxe4 Be6 16. Bxb4 Qxb4+ 17. Qd2 Qb6 18. Bxe6 fxe6 19. Qxd4 Qa6 20. Rd1 Rad8 21. Qxd8 Rxd8 22. Rxd8+ Kf7 23. Rd2 Qxa2 24. O-O Qa5 25. Nc3 Qc5+ 26. Rff2 b5 27. g4 b4 28. Ne2 h5 29. Ng3 h4 30. Nf1 Ke7 31. Rc2 Qb6 32. Kg2 Nd7 33. Rfd2 g5 34. Rc8 Ne5 35. Rg8 Kf6 36. Re8 Ng6 37. e5+ Kxe5 38. Re2+ Kf6 39. R8xe6+ Qxe6 40. Rxe6+ Kxe6 41. Nd2 Nf4+ 42. Kf2 Nxh3+ 43. Ke3 Kd5 44. b3 Nf4 45. Ne4 h3 {[%emt 0:01:05] Kd4+ [%emt 00:00:45] Ke5+} 0-1

[Event "CAN-ch"]
[Site "Guelph CAN"]
[Date "2015.07.11"]
[Round "2.2"]
[White "Plotkin, Victor"]
[Black "Preotu, Razvan"]
[Result "1-0"]
[ECO "C50"]
[WhiteElo "2400"]
[BlackElo "2636"]
[WhiteFideId "-1"]
[WhiteFideId "-1"]
[PlyCount "93"]
[GameId "2160767738660384"]
[EventDate "2015.07.10"]
[EventType "swiss"]
[EventRounds "9"]
[EventCountry "CAN"]
[TimeControl "40/5400+30:1800+30"]

1. e4 e5 2. Nf3 Nc6 3. Bc4 Bc5 4. d3 Nf6 5. Nc3 O-O 6. O-O h6 7. h3 d6 8. Na4 Bb6 9. Nxb6 axb6 10. Be3 Re8 11. Re1 Be6 12. Bb5 Bd7 13. c4 Nb8 14. Bxd7 Nfxd7 15. Qc2 c5 16. g3 Nf8 17. Nh4 Ng6 18. Nxg6 fxg6 19. Kh2 g5 20. Rf1 g4 21. f3 gxf3 22. Rxf3 Rf8 23. Rf5 Nd7 24. g4 Qh4 25. Kg2 g6 26. Qf2 Qe7 27. Rxf8+ Rxf8 28. Qe2 Kg7 29. Rf1 Rf6 30. g5 Rxf1 31. gxh6+ Kh7 32. Qxf1 Nf8 33. h4 Ne6 34. Kg3 Kg8 35. Qf3 Kh7 36. h5 Nd4 37. hxg6+ Kxg6 38. Qg4+ Kh7 39. Qg5 Qf7 40. Bxd4 cxd4 41. Kg4 Kh8 42. b4 Qd7+ 43. Qf5 Qe7 44. a4 Qc7 45. Kg5 Kg8 46. Qe6+ Kh7 47. Kf6 1-0